 Dungeon Crawl Stone Soup version 0.30-a0-723-gc1506a1cf0 (webtiles) character file.

Game seed: 8113948358148320736

24647 Leeroy the Basher (level 13, -4/93 (101) HPs)
             Began as a Gnoll Warper on Jan 28, 2023.
             Was the Champion of Okawaru.
             Slain by Josephine
             ... wielding a +1 dagger of venom
              (5 damage)
             ... on level 11 of the Dungeon.
             The game lasted 00:36:34 (13925 turns).

Leeroy the Basher (Gnoll Warper)                   Turns: 13925, Time: 00:36:35

HP:   -4/93 (101)   AC: 21    Str: 19    XL:     13   Next: 14%
MP:   26/26         EV: 14    Int: 12    God:    Okawaru [******]
Gold: 736           SH:  0    Dex: 15    Spells: 19/31 levels left

rFire   x . .      SeeInvis .    T - +6 great sword
rCold   + + .      Faith    .    (shield currently unavailable)
rNeg    . . .      Spirit   .    j - +2 ice dragon scales
rPois   .          Reflect  .    s - +2 helmet
rElec   .          Harm     .    E - +1 cloak
rCorr   .          Rampage  .    (no gloves)
Will    +....                    u - +0 pair of boots
Stlth   ++                       Q - amulet of regeneration
HPRegen 1.15/turn                g - ring of willpower
MPRegen 0.20/turn                x - +6 ring of strength

@: lethally poisoned (-4 -> -18), slowed, studying Maces & Flails, drained, very
slow
A: fangs 1, strong nose, distributed training
a: Renounce Religion, Heroism, Finesse, Duel


You were on level 11 of the Dungeon.
You worshipped Okawaru.
Okawaru was exalted by your worship.
You visited 3 branches of the dungeon, and saw 14 of its levels.

You collected 967 gold pieces.
You spent 231 gold pieces at shops.

Inventory:

Hand Weapons
 b - a +0 scimitar of flaming
 f - a +2 hand axe of electrocution
 i - a +1 whip of distortion
 n - a +2 vampiric whip
 t - a +2 antimagic mace
 B - a +0 great mace
 C - a +0 lajatang
 H - a +1 trident of flaming
 J - a +0 quick blade
 K - a +1 dagger of protection
 L - a +1 whip of electrocution
 P - a +3 heavy dire flail
 T - a +6 great sword (weapon)
 Z - a -2 demon whip of venom
Missiles
 d - 5 boomerangs of dispersal (quivered)
 e - 2 throwing nets
 q - 36 poisoned darts
 r - 6 boomerangs
 M - 2 curare-tipped darts
Armour
 a - the +5 chain mail of Responsibility {Will- Dex+3}
   (You took it off an orc priest on level 8 of the Dungeon)

   Dex:       It affects your dexterity (+3).
   Will:      It decreases your willpower.
 j - +2 ice dragon scales (worn)
 s - a +2 helmet (worn)
 u - a +0 pair of boots (worn)
 E - a +1 cloak (worn)
 W - +0 acid dragon scales
 Y - the +1 ring mail of Beyond {Regen+}
   (You found it on level 8 of the Dungeon)

   Regen:     It increases your rate of health regeneration.
Jewellery
 g - a ring of willpower (left hand)
 m - a +6 ring of strength
 x - a +6 ring of strength (right hand)
 Q - an amulet of regeneration (around neck)
Wands
 h - a wand of light (7)
 y - a wand of flame (55)
 D - a wand of digging (10)
 O - a wand of polymorph (14)
Scrolls
 c - 2 scrolls of blinking
 p - 10 scrolls of teleportation
 v - 5 scrolls of magic mapping
 w - 5 scrolls of amnesia
 A - 2 scrolls of fear
 F - a scroll of butterflies {unknown}
 R - a scroll of immolation
 X - a scroll of fog
Potions
 k - a potion of lignification
 l - a potion of mutation {unknown}
 o - 2 potions of might
 z - a potion of invisibility
 G - 7 potions of flight
 I - a potion of brilliance {unknown}
 S - a potion of magic {unknown}
 U - 2 potions of attraction {unknown}
 V - 3 potions of resistance
Miscellaneous
 N - a piece from Xom's chessboard (15/15)


   Skills:
 + Level 9.5 Fighting
 + Level 8.3 Short Blades
 + Level 9.5 Long Blades
 + Level 8.3 Axes
 + Level 10.5 Maces & Flails
 + Level 8.3 Polearms
 + Level 8.3 Staves
 + Level 8.3 Ranged Weapons
 + Level 8.7 Throwing
 + Level 8.7 Armour
 + Level 9.5 Dodging
 + Level 8.3 Stealth
 + Level 8.3 Shields
 + Level 8.3 Unarmed Combat
 + Level 9.8 Spellcasting
 + Level 6.9 Conjurations
 + Level 6.9 Hexes
 + Level 6.9 Summonings
 + Level 6.9 Necromancy
 + Level 8.9 Translocations
 + Level 6.9 Transmutations
 + Level 6.9 Fire Magic
 + Level 6.9 Ice Magic
 + Level 6.9 Air Magic
 + Level 6.9 Earth Magic
 + Level 6.9 Poison Magic
 + Level 9.1 Invocations
 + Level 8.3 Evocations


You had 19 spell levels left.
You knew the following spells:

 Your Spells              Type           Power      Damage    Failure   Level
a - Blink                 Tloc           54%        N/A       1%          2
b - Vhi's Electric Charg  Tloc/Air       48%        N/A       4%          3
c - Teleport Other        Tloc           27%        N/A       3%          3
d - Manifold Assault      Tloc           27%        N/A       10%         4

Your spell library contained the following spells:

 Spells                   Type           Power      Damage    Failure   Level
 Lesser Beckoning         Tloc           54%        N/A       1%          2
 Static Discharge         Conj/Air       44%        2-4/arc   3%          2
 Petrify                  Tmut/Erth      22%        N/A       22%         4
 Arcjolt                  Conj/Air       11%        1d21      52%         5
 Blade Hands              Tmut           11%        N/A       52%         5
 Lightning Bolt           Conj/Air       11%        1d24      52%         5
 Metabolic Englaciation   Hex/Ice        11%        N/A       52%         5
 Iron Shot                Conj/Erth      11%        9d3       98%         6
 Statue Form              Tmut/Erth      14%        N/A       98%         6
 Animate Armour           Summ/Erth      Unusable   N/A       N/A         4

Dungeon Overview and Level Annotations

Branches:
Dungeon (11/15)            Temple (1/1) D:7            Lair (2/5) D:9
  Swamp: Lair:2-3    Shoals: Lair:2-3     Snake: Lair:2-3    Spider: Lair:2-3
    Orc: D:9-12

Altars:
Ashenzari
Cheibriados
Dithmenos
Elyvilon
Fedhas
Gozag
Hepliaklqana
Kikubaaqudgha
Makhleb
Nemelex Xobeh
Okawaru
Qazlal
Ru
Sif Muna
Trog
Uskayaw
Vehumet
Wu Jian
Xom
Yredelemnul
Zin
The Shining One

Shops:
D:4 *   D:5 !

Annotations:
D:10 3 runed translucent doors, caveywoolpert's ghost, journeyman DEEE
D:11 Josephine


Innate Abilities, Weirdness & Mutations

You have very sharp teeth.
Your uncanny sense of smell can sniff out nearby items.
Your experience applies equally to all skills.


Message History

The ghostly flame explodes!
The ghostly fireball engulfs you!
You feel drained.
The ghostly fireball engulfs the wraith.
The wraith completely resists.
The ghostly fireball engulfs Josephine.
Josephine completely resists.
The wraith closely misses you. The wraith hits you but does no damage.
Josephine hits you with a +1 dagger of venom.
You are poisoned.
You slash Josephine! You bite Josephine, but do no damage.
Josephine is moderately wounded.
You feel very sick. The wraith closely misses you.
The wraith hits you but does no damage.
Josephine hits you with a +1 dagger of venom.
You are more poisoned.
You feel very sick. The wraith hits you. The wraith misses you.
Josephine hits you but does no damage.
You are more poisoned.
The wraith attacks as you move away! The wraith hits you.
Josephine attacks as you move away!
Josephine hits you with a +1 dagger of venom.
You are more poisoned.
You feel extremely sick.
You slash Josephine!
Josephine is moderately wounded.
You feel extremely sick.
Josephine hits you with a +1 dagger of venom.
You are more poisoned.
Josephine gestures at you while chanting.
The ghostly flame explodes!
The ghostly fireball engulfs you!!!
You feel drained.
* * * LOW HITPOINT WARNING * * *
The ghostly fireball engulfs Josephine.
Josephine completely resists.
You hit Josephine.
Josephine is moderately wounded.
* * * LOW HITPOINT WARNING * * *
You feel extremely sick. Josephine hits you but does no damage.
You are more poisoned.
Josephine hits you with a +1 dagger of venom.
You die...

##### #...# ## #...#
...##.^.# #......# #
..##....# #####
.......W####### ####....
#.....W@.....#####)......
#....W.#@###.............
#.......#.................
........########..........
####▓#### #...........
.#N#.## #####...........
..###..###...............
.♣#.....#....#)##..###.#.
#>......#.##<##.###..#.
#.....###.##)#..#...##.


You could see Josephine and 2 wraiths.

Vanquished Creatures
  Erica (D:10)
  A boulder beetle (D:10)
  3 two-headed ogres
  Nergalle (D:10)
  Amaemon (D:9)
  Pikel (D:4)
  2 cyclopes
  4 centaur zombies (D:10)
  A black mamba (Lair:1)
  An orange demon (D:9)
  6 cane toads
  A rime drake (Lair:1)
  2 komodo dragons (Lair:1)
  A tengu conjurer (D:9)
  2 polar bears (Lair:2)
  A troll (D:10)
  Grinder (D:5)
  A hornet (D:9)
  33 yaks
  2 wyverns
  A vampire (D:9)
  3 wraiths
  Grum (D:10)
  4 steam dragons
  2 vampire mosquitoes (D:10)
  A warg (D:9)
  Edmund (D:6)
  2 acid dragons
  4 water moccasins
  2 orc warriors (D:9)
  Duvessa (D:4)
  A black bear (D:6)
  An ice beast (D:7)
  2 ogres
  19 wolves
  4 centaurs
  4 kobold brigands
  2 phantoms
  10 bullfrogs
  3 necrophages (D:10)
  3 scorpions
  6 wights
  Dowan (D:4)
  14 killer bees
  3 howler monkeys
  5 hounds
  A human zombie (D:10)
  2 jellies
  5 orc priests
  2 gnoll boudas
  4 iguanas
  21 orc wizards
  A mummy (D:10)
  14 gnolls
  9 adders
  2 white imps
  An ufetubus (D:7)
  3 worms
  A dart slug (D:2)
  33 orcs
  9 endoplasms
  4 giant cockroaches
  5 goblins
  A hobgoblin (D:2)
  3 quokkas
  11 ball pythons
  2 bats
  A frilled lizard (D:1)
  23 kobolds
  4 rats
328 creatures vanquished.

Vanquished Creatures (others)
  2 killer bees (D:9)
  19 fungi
  22 plants
  3 toadstools (D:3)
46 creatures vanquished.

Grand Total: 374 creatures vanquished

Notes
Turn   | Place    | Note
-------+----------+-------------------------------------------
     0 | D:1      | Leeroy the Gnoll Warper began the quest for the Orb.
     0 | D:1      | Reached XP level 1. HP: 20/20 MP: 6/6
   123 | D:1      | Reached XP level 2. HP: 25/26 MP: 7/7
   582 | D:1      | Learned a level 2 spell: Blink
   588 | D:1      | Found a faded altar of an unknown god.
   659 | D:1      | Reached skill level 5 in Spellcasting
   659 | D:1      | Reached XP level 3. HP: 31/31 MP: 7/9
  1115 | D:2      | Reached skill level 1 in Invocations
  1183 | D:2      | Reached skill level 1 in Short Blades
  1183 | D:2      | Reached skill level 1 in Axes
  1183 | D:2      | Reached skill level 1 in Maces & Flails
  1183 | D:2      | Reached skill level 1 in Polearms
  1183 | D:2      | Reached skill level 1 in Staves
  1183 | D:2      | Reached skill level 1 in Ranged Weapons
  1183 | D:2      | Reached skill level 1 in Stealth
  1183 | D:2      | Reached skill level 1 in Shields
  1183 | D:2      | Reached skill level 1 in Unarmed Combat
  1183 | D:2      | Reached skill level 1 in Evocations
  1281 | D:2      | Reached XP level 4. HP: 38/38 MP: 11/11
  1381 | D:2      | Reached skill level 1 in Conjurations
  1381 | D:2      | Reached skill level 1 in Hexes
  1381 | D:2      | Reached skill level 1 in Summonings
  1381 | D:2      | Reached skill level 1 in Necromancy
  1381 | D:2      | Reached skill level 1 in Transmutations
  1381 | D:2      | Reached skill level 1 in Fire Magic
  1381 | D:2      | Reached skill level 1 in Ice Magic
  1381 | D:2      | Reached skill level 1 in Air Magic
  1381 | D:2      | Reached skill level 1 in Earth Magic
  1381 | D:2      | Reached skill level 1 in Poison Magic
  1837 | D:3      | Reached XP level 5. HP: 42/43 MP: 12/12
  2206 | D:3      | Found a shimmering altar of Xom.
  2206 | D:3      | Found a glowing golden altar of the Shining One.
  2223 | D:3      | Became a worshipper of the Shining One
  2446 | D:4      | Noticed a phantom
  2467 | D:4      | Killed a phantom
  2468 | D:4      | Reached XP level 6. HP: 45/50 MP: 13/13
  2592 | D:4      | Reached skill level 5 in Fighting
  2592 | D:4      | Reached skill level 5 in Long Blades
  2592 | D:4      | Reached skill level 2 in Maces & Flails
  2592 | D:4      | Reached skill level 5 in Dodging
  3033 | D:4      | Found Wocyagheca's Assorted Antiques.
  3050 | D:4      | Learned a level 3 spell: Vhi's Electric Charge
  3054 | D:4      | Learned a level 3 spell: Teleport Other
  3059 | D:4      | Learned a level 4 spell: Manifold Assault
  3093 | D:4      | Noticed Duvessa
  3093 | D:4      | Noticed Dowan
  3160 | D:5      | Entered Level 5 of the Dungeon
  3297 | D:5      | Reached XP level 7. HP: 44/56 MP: 15/15
  3366 | D:5      | Found Suyceiq's Distillery.
  3378 | D:5      | Bought a potion of curing for 33 gold pieces
  3378 | D:5      | Bought a potion of heal wounds for 55 gold pieces
  3378 | D:5      | Bought a potion of heal wounds for 55 gold pieces
  3378 | D:5      | Bought a potion of curing for 33 gold pieces
  3378 | D:5      | Bought a potion of berserk rage for 55 gold pieces
  3391 | D:5      | Noticed Grinder
  3415 | D:5      | Killed Grinder
  3631 | D:4      | Noticed Pikel
  3637 | D:4      | Killed Pikel
  3638 | D:4      | Reached skill level 3 in Maces & Flails
  3638 | D:4      | Reached XP level 8. HP: 42/64 MP: 15/17
  4777 | D:6      | Reached XP level 9. HP: 69/69 MP: 11/18
  4826 | D:6      | Noticed Edmund
  4843 | D:6      | Killed Edmund
  4844 | D:6      | Reached skill level 4 in Maces & Flails
  5085 | D:6      | Reached skill level 5 in Throwing
  5085 | D:6      | Reached skill level 5 in Armour
  5522 | D:7      | Found a staircase to the Ecumenical Temple.
  5540 | Temple   | Entered the Ecumenical Temple
  5623 | Temple   | Fell from the grace of the Shining One
  5623 | Temple   | Became a worshipper of Warmaster Okawaru
  5959 | D:7      | Reached skill level 5 in Invocations
  6248 | D:7      | Reached * piety under Okawaru
  6629 | D:4      | Killed Duvessa
  7697 | D:4      | Killed Dowan
  7968 | D:8      | Reached skill level 5 in Short Blades
  7968 | D:8      | Reached skill level 5 in Axes
  7968 | D:8      | Reached skill level 5 in Maces & Flails
  7968 | D:8      | Reached skill level 5 in Polearms
  7968 | D:8      | Reached skill level 5 in Staves
  7968 | D:8      | Reached skill level 5 in Ranged Weapons
  7968 | D:8      | Reached skill level 5 in Stealth
  7968 | D:8      | Reached skill level 5 in Shields
  7968 | D:8      | Reached skill level 5 in Unarmed Combat
  7968 | D:8      | Reached skill level 5 in Evocations
  7968 | D:8      | Reached XP level 10. HP: 58/77 MP: 18/20
  7969 | D:8      | Noticed a two-headed ogre
  8210 | D:9      | Noticed Amaemon
  8253 | D:8      | Killed a two-headed ogre
  8253 | D:8      | Reached ** piety under Okawaru
  8309 | D:8      | Noticed a two-headed ogre
  8346 | D:8      | Killed a two-headed ogre
  8435 | D:8      | Identified the +1 ring mail of Beyond {Regen+}
  8527 | D:8      | Identified the +5 chain mail of Responsibility {Will-
                  | Dex+3}
  8554 | D:9      | Killed Amaemon
  8554 | D:9      | Reached *** piety under Okawaru
  8555 | D:9      | Reached skill level 6 in Maces & Flails
  8565 | D:9      | Noticed an orange demon
  9143 | D:9      | Killed an orange demon
  9321 | D:9      | Found a staircase to the Lair.
  9433 | D:9      | Paralysed by a hornet for 3 turns
  9440 | D:9      | Paralysed by a hornet for 1 turns
  9443 | D:9      | HP: 5/118 [poisoned by a hornet]
  9445 | D:9      | Reached skill level 5 in Conjurations
  9445 | D:9      | Reached skill level 5 in Hexes
  9445 | D:9      | Reached skill level 5 in Summonings
  9445 | D:9      | Reached skill level 5 in Necromancy
  9445 | D:9      | Reached skill level 5 in Transmutations
  9445 | D:9      | Reached skill level 5 in Fire Magic
  9445 | D:9      | Reached skill level 5 in Ice Magic
  9445 | D:9      | Reached skill level 5 in Air Magic
  9445 | D:9      | Reached skill level 5 in Earth Magic
  9445 | D:9      | Reached skill level 5 in Poison Magic
  9445 | D:9      | Reached XP level 11. HP: 3/85 MP: 22/22
  9445 | D:9      | HP: 2/127 [poisoned by a hornet]
  9580 | D:9      | Reached **** piety under Okawaru
  9583 | D:9      | Reached skill level 7 in Maces & Flails
  9869 | D:9      | Noticed a cyclops
  9890 | D:9      | Killed a cyclops
 10111 | D:9      | Noticed a tengu warrior
 10111 | D:9      | Noticed a boulder beetle
 10147 | D:9      | Noticed a skeletal warrior
 10244 | Lair:1   | Entered Level 1 of the Lair of Beasts
 10290 | Lair:1   | Received a gift from Okawaru
 10520 | Lair:1   | Reached ***** piety under Okawaru
 10560 | Lair:1   | Reached skill level 8 in Maces & Flails
 10892 | Lair:1   | Received a gift from Okawaru
 11312 | Lair:2   | Reached XP level 12. HP: 88/94 MP: 24/24
 11512 | Lair:1   | Reached skill level 9 in Maces & Flails
 11972 | Lair:2   | Noticed a seven-headed hydra
 12264 | D:10     | Entered Level 10 of the Dungeon
 12277 | D:10     | Noticed Nergalle
 12306 | D:10     | Killed Nergalle
 12379 | D:10     | Found a runed translucent gate.
 12380 | D:10     | Found a runed translucent gate.
 12585 | D:10     | Found a runed translucent gate.
 12595 | D:10     | Noticed a two-headed ogre
 12605 | D:10     | Killed a two-headed ogre
 12638 | D:10     | Noticed caveywoolpert's ghost (journeyman DEEE)
 12642 | D:10     | Noticed Erica
 12654 | D:10     | Killed Erica
 12724 | D:10     | Noticed Grum
 12733 | D:10     | Killed Grum
 13052 | D:10     | Received a gift from Okawaru
 13053 | D:10     | Reached skill level 10 in Maces & Flails
 13088 | D:10     | Found a basalt altar of Yredelemnul.
 13462 | D:11     | Noticed a boulder beetle
 13479 | D:11     | Received a gift from Okawaru
 13480 | D:11     | Reached XP level 13. HP: 101/101 MP: 26/26
 13535 | D:10     | Reached ****** piety under Okawaru
 13914 | D:11     | Noticed Josephine
 13925 | D:11     | HP: 1/93 [poisoned by Josephine]
 13925 | D:11     | Slain by Josephine

Illustrated notes

Levels and vault maps discovered:
D:1:      co_arrival_random_square_maze, layout_basic,
          ebering_ecumenical_altar_box, minivault_26
D:2:      layout_rooms
D:3:      layout_basic, gammafunk_temple_overflow_pools, st_stairs_1,
          mrwooster_statue_mirror, minmay_gold_behind_fungi
D:4:      layout_basic, serial_shops, kennysheep_mini_moat, uniq_duvessa,
          uniq_pikel
D:5:      layout_rooms, serial_shops, shop_fountains,
          chequers_serial_rivers_small_b, serial_bayou_lagoon_b, uniq_grinder
D:6:      layout_basic, chequers_jeans, uniq_edmund
D:7:      layout_basic, minmay_temple_entry_statues_fountains
D:8:      layout_cave_pools, st_stairs_1, minmay_manual_mares
D:9:      layout_basic, erik_lair_orcish_takeover, minmay_shattered_shrine,
          uniq_amaemon
D:10:     layout_roguey, lemuel_mausoleum_altar_yredelemnul,
          gammafunk_ghost_icy, serial_aquarium, aquarium_bridge_straight
          [aquarium_subvault_bridge, aquarium_subvault_balcony,
          aquarium_subvault_bridge, aquarium_subvault_window],
          aquarium_window_corner, aquarium_window_fake,
          aquarium_window_corridor_3, aquarium_view_2f, aquarium_balcony_3b,
          grunt_ministairs_5, hangedman_decor_lopped, skrybe_limestone_x,
          uniq_grum, uniq_nergalle, uniq_erica
D:11:     okawaru_arena_lexackson, layout_rooms, lemuel_old_faithful,
          uniq_josephine
Temple:   nicolae_temple_bog_church
Lair:1:   layout_gridlike, st_stairs_9
Lair:2:   beast_lair_carwin_large_4, layout_small_grid

Skill      XL: |  1  2  3  4  5  6  7  8  9 10 11 12 13 |
---------------+----------------------------------------+-----
Spellcasting   | 5 6 7 8 9 |  9.8
Invocations    | 1 2 3 4 5 6 7 8 9 |  9.1
Short Blades   | 1 2 3 5 6 7 8 |  8.3
Axes           | 1 2 3 5 6 7 8 |  8.3
Maces & Flails | 1 2 3 5 6 8 10 | 10.5
Polearms       | 1 2 3 5 6 7 8 |  8.3
Staves         | 1 2 3 5 6 7 8 |  8.3
Ranged Weapons | 1 2 3 5 6 7 8 |  8.3
Stealth        | 1 2 3 5 6 7 8 |  8.3
Shields        | 1 2 3 5 6 7 8 |  8.3
Unarmed Combat | 1 2 3 5 6 7 8 |  8.3
Evocations     | 1 2 3 5 6 7 8 |  8.3
Conjurations   | 1 2 3 4 5 6 |  6.9
Hexes          | 1 2 3 4 5 6 |  6.9
Summonings     | 1 2 3 4 5 6 |  6.9
Necromancy     | 1 2 3 4 5 6 |  6.9
Transmutations | 1 2 3 4 5 6 |  6.9
Fire Magic     | 1 2 3 4 5 6 |  6.9
Ice Magic      | 1 2 3 4 5 6 |  6.9
Air Magic      | 1 2 3 4 5 6 |  6.9
Earth Magic    | 1 2 3 4 5 6 |  6.9
Poison Magic   | 1 2 3 4 5 6 |  6.9
Throwing       | 3 4 5 6 7 8 |  8.7
Armour         | 3 4 5 6 7 8 |  8.7
Fighting       | 5 6 7 8 9 |  9.5
Long Blades    | 5 6 7 8 9 |  9.5
Dodging        | 5 6 7 8 9 |  9.5
Translocations | 6 7 8 |  8.9

Action                     |  1- 3 |  4- 6 |  7- 9 | 10-12 | 13-15 || total
---------------------------+-------+-------+-------+-------+-------++-------
  Melee: Falchion          |   114 |    53 |       |       |       ||   167
         Bite              |     7 |    22 |    29 |    70 |     9 ||   137
         Punch             |     1 |     1 |       |       |       ||     2
         Whip              |       |    82 |     5 |       |       ||    87
         Lajatang          |       |    41 |   165 |       |       ||   206
         Great sword       |       |       |    44 |   686 |    86 ||   816
         Dire flail        |       |       |    38 |       |       ||    38
  Throw: Boomerang         |     3 |       |       |       |       ||     3
   Cast: Vhi's Electric Ch |       |       |    11 |    22 |       ||    33
         Manifold Assault  |       |       |     1 |    17 |     2 ||    20
         Blink             |       |       |       |     1 |     4 ||     5
 Invoke: Heroism           |       |       |       |     2 |       ||     2
    Use: Potion            |       |       |     4 |     5 |       ||     9
         Scroll            |       |       |    12 |    10 |       ||    22
   Stab: Sleeping          |     2 |       |       |     4 |       ||     6
         Fleeing           |       |       |       |     1 |       ||     1
         Distracted        |       |       |       |     1 |       ||     1
 Armour: Leather armour    |    13 |       |       |       |       ||    13
         Ice dragon scales |    41 |   116 |   188 |   559 |    55 ||   959
  Dodge: Dodged            |    84 |    99 |   249 |   682 |    58 ||  1172

Table legend: (Time is in decaauts)
 A = Elapsed time spent in this place.
 B = Non-inter-level travel time spent in this place.
 C = Inter-level travel time spent in this place.
 D = Time resting spent in this place.
 E = Time spent auto-exploring this place.
 F = Levels seen in this place.
 G = Mean time per level.
                   A        B        C        D        E       F      G
               +--------+--------+--------+--------+--------+-----+--------+
         Total |  14344 |  13354 |    990 |   1959 |   7591 |  14 | 1024.6 |
       Dungeon |  12258 |  11385 |    873 |   1747 |   6459 |  11 | 1114.4 |
        Temple |    100 |     70 |     30 |      0 |     50 |   1 |  100.0 |
          Lair |   1985 |   1898 |     87 |    212 |   1082 |   2 |  992.5 |
               +--------+--------+--------+--------+--------+-----+--------+

Top non-repeatable levels by time:
     D:4: 2288 daAuts
     D:9: 1621 daAuts
     D:5: 1433 daAuts
    D:10: 1272 daAuts
  Lair:1: 1251 daAuts
     D:7: 1155 daAuts
     D:1: 1060 daAuts
     D:6: 893 daAuts
     D:3: 873 daAuts
  Lair:2: 733 daAuts
     D:8: 707 daAuts
     D:2: 520 daAuts
    D:11: 432 daAuts
  Temple: 100 daAuts
